 Dungeon Crawl Stone Soup version 0.30.1-11-g7821555f0a (webtiles) character file.

Game seed: 5636900118805024860

184 auo the Magician (level 5, -2/35 HPs)
             Began as a Djinni Fire Elementalist on Dec 10, 2023.
             Slain by a river rat (8 damage)
             ... in a sewer.
             The game lasted 00:05:12 (2326 turns).

auo the Magician (Djinni Fire Elementalist)         Turns: 2326, Time: 00:05:12

Health: -2/35      AC:  3    Str:  7    XL:     5   Next: 96%
Gold:   117        EV: 12    Int: 18    God:
                   SH:  0    Dex: 14

rFire   + + .        (no weapon)
rCold   x . .        (no shield)
rNeg    . . .        a - +0 robe
rPois   ∞            b - +0 helmet
rElec   .            (no cloak)
rCorr   .            (no gloves)
SInv    .            (boots unavailable)
Will    .....        (no amulet)
Stlth   ++           (no ring)
HPRegen 0.25/turn    (no ring)
MPRegen 0.00/turn

%: infuse magic (-3 HP)
@: flying, very slightly contaminated
A: sickness immunity, fire resistance 2, cold vulnerability 1, float, innate
caster, HP casting, extra vitality 1
a: no special abilities


You were in a sewer.
You visited 1 branch of the dungeon, and saw 3 of its levels.
You also visited: Sewer.

You collected 117 gold pieces.

Inventory:

Armour
 a - a +0 robe (worn)
 b - a +0 helmet (worn)
Scrolls
 c - a scroll of magic mapping {unknown}
 i - a scroll of poison {unknown}
 k - a scroll of noise {unknown}
 m - a scroll of identify {unknown}
 o - 2 scrolls of teleportation
Potions
 d - a potion of attraction {unknown}
 e - 3 potions of curing {unknown}
 f - a potion of ambrosia {unknown}
 g - a potion of degeneration {unknown}
 h - a potion of brilliance {unknown}
 j - a potion of cancellation {unknown}
 l - a potion of might {unknown}
 n - a potion of berserk rage {unknown}


   Skills:
 - Level 2.4 Dodging
 - Level 1.8 Stealth
 * Level 4.6 Spellcasting


You knew the following spells:

 Your Spells              Type           Power      Damage    Failure   Level
a - Foxfire               Conj/Fire      80%        2x1d8     1%          1
b - Scorch                Fire           40%        2d6       3%          2
c - Volatile Blastmotes   Fire/Tloc      40%        2d13      6%          3
d - Inner Flame           Hex/Fire       20%        N/A       6%          3
e - Flame Wave            Conj/Fire      20%        2d7       21%         4
f - Summon Small Mammal   Summ           80%        N/A       1%          1
g - Call Imp              Summ           40%        N/A       3%          2
Your spell library was empty.

Dungeon Overview and Level Annotations

Branches:
Dungeon (3/15)              Sewer (1/1)

Altars:

Shops:
D:2 ?


Innate Abilities, Weirdness & Mutations

You are immune to sickness and miasma.
You are immune to poison.
Your flesh is very heat resistant. (rF++)
You are vulnerable to cold. (rC-)
You float through the air rather than walking.
You learn spells naturally, not from books.
Your magical power is your life essence.
You have superior vitality. (+4 MHP)


Message History

You are very lightly contaminated with residual magic.
Nothing appears to happen.
The river rat closely misses you.
Casting: Scorch (safe; 3% risk of failure)
Confirm with . or Enter, or press ? or * to list all spells.
The spell is extremely dangerous to miscast (21% risk of failure)!
Continue anyway?
Casting: Flame Wave (extremely dangerous; 21% risk of failure)
Press: ? - help, Dir - look around, f - activate You miscast Flame Wave.
Nothing appears to happen.
A ball python comes into view.
The river rat barely misses you.
A rat comes into view.
Casting: Flame Wave (extremely dangerous; 21% risk of failure)
Confirm with . or Enter, or press ? or * to list all spells.
The spell is extremely dangerous to miscast (21% risk of failure)!
Continue anyway?
Casting: Flame Wave (extremely dangerous; 21% risk of failure)
Press: ? - help, Dir - look around, f - activate You miscast Flame Wave.
Nothing appears to happen.
The ball python hisses angrily.
The river rat bites you. The river rat barely misses you.
Casting: Flame Wave (extremely dangerous; 21% risk of failure)
Confirm with . or Enter, or press ? or * to list all spells.
The spell is extremely dangerous to miscast (21% risk of failure)!
Continue anyway?
Casting: Flame Wave (extremely dangerous; 21% risk of failure)
Press: ? - help, Dir - look around, f - activate You miscast Flame Wave.
You feel uncomfortably hot. You resist. The river rat closely misses you.
The river rat bites you.
* * * LOW HITPOINT WARNING * * *
Casting: Flame Wave (extremely dangerous; 21% risk of failure)
Confirm with . or Enter, or press ? or * to list all spells.
The spell is extremely dangerous to miscast (21% risk of failure)!
Continue anyway?
Casting: Flame Wave (extremely dangerous; 21% risk of failure)
Press: ? - help, Dir - look around, f - activate A wave of flame ripples out!
The flame wave engulfs the river rat.
The river rat is heavily wounded.
The flame wave engulfs the river rat.
The river rat is heavily wounded. (Press . to intensify the flame waves.)
* * * LOW HITPOINT WARNING * * *
The river rat bites you!
You die...

### ...# ###### #~...
##~...### #~~.S
###~~~~...## ≈≈≈~r.
#≈~~#~~~...######
#≈~S##≈#.#~≈~~††......
#≈rr#§#†#≈≈≈~~~~~~##.
#r@##.####~###≈≈≈#.
#####.#.†.~..###≈~†
.##.....!# #≈≈~ #
######## ####


You could see 2 river rats, 2 ball pythons and 2 rats.

Vanquished Creatures
  A sickly merfolk siren (Sewer)
  3 gnolls (D:3)
  5 adders
  4 worms
  A dart slug (D:3)
  An orc (D:3)
  11 ball pythons
  5 endoplasms
  2 giant cockroaches
  2 goblins
  8 hobgoblins
  3 jackals (D:1)
  4 quokkas
  3 bats
  6 frilled lizards
  5 kobolds
  14 rats
78 creatures vanquished.

Vanquished Creatures (others)
  An adder (D:3)
  216 foxfires
217 creatures vanquished.

Grand Total: 295 creatures vanquished

Notes
Turn   | Place    | Note
-------+----------+-------------------------------------------
     0 | D:1      | auo the Djinni Fire Elementalist began the quest for the
                  | Orb.
     0 | D:1      | auo set off with the following spells memorised: Foxfire,
                  | Scorch, Volatile Blastmotes, Inner Flame, Flame Wave.
     0 | D:1      | Reached XP level 1. HP: 15/15 MP: 0/0
   128 | D:1      | Reached XP level 2. HP: 18/21 MP: 0/0
   411 | D:1      | Reached XP level 3. HP: 16/25 MP: 0/0
   411 | D:1      | Learned a level 1 spell: Summon Small Mammal
   420 | D:1      | Reached skill level 3 in Spellcasting
  1023 | D:2      | Found Yppagi's Magic Scroll Boutique.
  1174 | D:2      | Reached XP level 4. HP: 28/31 MP: 0/0
  1953 | D:3      | Found a faded altar of an unknown god.
  1956 | D:3      | Reached XP level 5. HP: 28/35 MP: 0/0
  1956 | D:3      | Learned a level 2 spell: Call Imp
  1959 | D:3      | Reached skill level 4 in Spellcasting
  2112 | D:3      | Found a glowing drain.
  2149 | Sewer    | Entered a sewer
  2326 | Sewer    | Slain by a river rat

Illustrated notes

Levels and vault maps discovered:
D:1:      onia_arrival_pyramid, layout_loops_ring,
          minmay_misc_feat_more_columns, chequers_mini_garden
D:2:      layout_basic, serial_shops, shop
D:3:      layout_basic, fiery_altar_vehumet, cheibrodos_sewer_entry_sluice,
          dreamdust_ecumenical_altar_statues, minmay_joined_circles,
          uniq_jessica
Sewer:    sewer_sea

Skill      XL: |  1  2  3  4  5 |
---------------+----------------+-----
Spellcasting   | 3 4 |  4.6
Dodging        | |  2.4
Stealth        | |  1.8

Action                     |  1- 3 |  4- 6 || total
---------------------------+-------+-------++-------
   Cast: Foxfire           |    55 |    75 ||   130
         Scorch            |    13 |    18 ||    31
         Flame Wave        |       |     1 ||     1
 Armour: Robe              |     1 |       ||     1
  Dodge: Dodged            |     2 |     6 ||     8
